 Dungeon Crawl Stone Soup version 0.21-a0-444-g29a2fec (webtiles) character file.

1166 uglyjohn the Chiller (level 8, 0/58 HPs)
             Began as a Gnoll Ice Elementalist on Nov 17, 2017.
             Was an Initiate of Cheibriados.
             Slain by a wight
             ... wielding a +0 falchion
              (1 damage)
             ... on level 6 of the Dungeon.
             The game lasted 00:16:10 (6200 turns).

uglyjohn the Chiller (Gnoll Ice Elementalist)       Turns: 6200, Time: 00:16:10

Health: 0/58       AC:  8    Str: 12    XL:     8   Next: 40%
Magic:  17/17      EV: 11    Int: 20    God:    Cheibriados [......]
Gold:   303        SH:  0    Dex: 17    Spells: 8/19 levels left

rFire    . . .     SeeInvis .   v - +0 hand axe (chop)
rCold    . . .     Gourm    .   k - +0 buckler
rNeg     . . .     Faith    .   s - +0 ring mail
rPois    .         Spirit   .   j - +0 helmet
rElec    .         Reflect  .   l - +1 cloak
rCorr    .         Harm     .   (no gloves)
MR       .....                  (no boots)
Stlth    ..........             (no amulet)
HPRegen  0.19/turn              (no ring)
MPRegen  0.15/turn              (no ring)

@: confused, heavily drained, very slow
A: distributed training, fangs 1, strong nose
a: Bend Time, Renounce Religion


You were on level 6 of the Dungeon.
You worshipped Cheibriados.
Cheibriados was noncommittal.
You were very hungry.

You visited 2 branches of the dungeon, and saw 7 of its levels.

You collected 303 gold pieces.

Inventory:

Hand Weapons
 f - a -1 short sword
 n - a +2 antimagic mace
 q - a +0 halberd
 v - a +0 hand axe of chopping (weapon)
Armour
 a - a +0 robe
 j - a +0 helmet (worn)
 k - a +0 buckler (worn)
 l - a +1 cloak (worn)
 s - a +0 ring mail (worn)
Wands
 t - a wand of confusion (37/48)
Scrolls
 e - a scroll of enchant armour
 h - a scroll of identify
 u - a scroll of amnesia
 w - a scroll of recharging {unknown}
 x - a scroll of fog
Potions
 i - a potion of curing
 p - a potion of brilliance
 z - a potion of haste
Books
 b - a book of Frost

   Spells                             Type                      Level
   a - Freeze                         Ice                          1
   b - Throw Frost                    Conjuration/Ice              2
   c - Ozocubu's Armour               Charms/Ice                   3
   d - Throw Icicle                   Conjuration/Ice              4
   e - Summon Ice Beast               Ice/Summoning                4
Comestibles
 c - 5 bread rations
 d - 5 royal jellies
 g - 3 meat rations
 B - a fruit


   Skills:
 + Level 3.2(0.9) Fighting
 + Level 3.2(0.9) Short Blades
 + Level 3.2(0.9) Long Blades
 + Level 3.2(0.9) Axes
 + Level 3.2(0.9) Maces & Flails
 + Level 3.2(0.9) Polearms
 + Level 3.2(0.9) Staves
 + Level 3.2(0.9) Slings
 + Level 3.2(0.9) Bows
 + Level 3.2(0.9) Crossbows
 + Level 3.2(0.9) Throwing
 + Level 3.2(0.9) Armour
 + Level 5.6(3.2) Dodging
 + Level 5.3(2.9) Stealth
 + Level 3.2(0.9) Shields
 + Level 3.2(0.9) Unarmed Combat
 + Level 6.0(3.6) Spellcasting
 + Level 3.4(1.2) Conjurations
 + Level 2.6(0.4) Hexes
 + Level 2.6(0.4) Charms
 + Level 2.6(0.4) Summonings
 + Level 2.6(0.4) Necromancy
 + Level 2.6(0.4) Translocations
 + Level 2.6(0.4) Transmutations
 + Level 2.6(0.4) Fire Magic
 + Level 6.1(3.7) Ice Magic
 + Level 2.6(0.4) Air Magic
 + Level 2.6(0.4) Earth Magic
 + Level 2.6(0.4) Poison Magic
 + Level 3.5(1.3) Invocations
 + Level 3.2(0.9) Evocations


You had 8 spell levels left.
You knew the following spells:

 Your Spells              Type           Power        Failure   Level  Hunger
a - Freeze                Ice            ###.         10%         1    None
b - Throw Frost           Conj/Ice       ##....       24%         2    ##.....
c - Throw Icicle          Conj/Ice       ##......     85%         4    ####...
d - Summon Ice Beast      Ice/Summ       ##......     88%         4    ####...


Dungeon Overview and Level Annotations

Branches:
Dungeon (6/15)             Temple (1/1) D:6

Altars:
Cheibriados
Dithmenos
Elyvilon
Gozag
Makhleb
Okawaru
Qazlal
Ru
Sif Muna
Xom
Yredelemnul
Zin


Innate Abilities, Weirdness & Mutations

Your experience applies equally to all skills.
You have very sharp teeth.
Your uncanny sense of smell can sniff out nearby items.


Message History

* * * LOW HITPOINT WARNING * * *
You feel drained.
* * * LOW HITPOINT WARNING * * *
The wight hits you from afar with an enchanted trident.
* * * LOW HITPOINT WARNING * * *
You feel drained. The wight barely misses you.
You're too confused to move!
The wight hits you with an enchanted flail.
* * * LOW HITPOINT WARNING * * *
The wight barely misses you.
You hit the wight but do no damage.
The wight is moderately damaged.
You hit the wight but do no damage. The wight closely misses you.
The wight hits you with an enchanted flail!
* * * LOW HITPOINT WARNING * * *
You feel drained. The wight hits you but does no damage.
The wight hits you with a falchion.
* * * LOW HITPOINT WARNING * * *
You feel drained.
You die...

.######.####.###....#..#.
.........................
.........###...##.###..#.
###.##...# #...##........
###.##...###.............
....................)....
.......z.####..##.#.#.##.
.......zz................
....#.#.@####...#.....##.
.#..#.#...###...#.###....
......................... ∆
.........................
##############.....#...#.#######
#...#...#...##..#..#...# #
#.>...⌠.#.⌠.##..#..#...#.#######
#...#...#...##.........#........
######.###.###.........#.######.


You could see 3 wights.

Vanquished Creatures
  Eustachio (D:4)
  An orc warrior (D:6)
  2 phantoms
  The ghost of felt the Firebug, an amateur DrFE (D:4)
  A centaur (D:5)
  2 howler monkeys
  The ghost of sokol815 the Chopper, a weakling VSMo (D:3)
  3 hounds
  An orc wizard (D:6)
  A gnoll shaman (D:4)
  A centaur skeleton (D:4)
  Crazy Yiuf (D:2)
  An iguana (D:6)
  A killer bee zombie (D:5)
  6 gnolls
  10 adders
  3 worms
  3 dart slugs
  5 leopard geckos
  3 orcs (D:6)
  3 giant cockroaches
  8 goblins
  9 hobgoblins
  2 jackals (D:3)
  4 kobolds
  3 quokkas
  2 ball pythons
  11 bats
  8 frilled lizards
  A leopard gecko zombie (D:5)
  3 quokka skeletons
  4 rats
106 creatures vanquished.

Notes
Turn   | Place    | Note
-------+----------+-------------------------------------------
     0 | D:1      | uglyjohn the Gnoll Ice Elementalist began the quest for the Orb.
     0 | D:1      | Reached XP level 1. HP: 13/13 MP: 6/6
   182 | D:1      | Reached XP level 2. HP: 19/19 MP: 5/7
   488 | D:1      | Learned a level 2 spell: Throw Frost
   930 | D:2      | Reached skill level 5 in Spellcasting
   930 | D:2      | Reached XP level 3. HP: 17/25 MP: 4/9
  1263 | D:2      | Reached skill level 1 in Invocations
  1366 | D:2      | Found a stormy altar of Qazlal.
  1378 | D:2      | Reached skill level 1 in Fighting
  1378 | D:2      | Reached skill level 1 in Short Blades
  1378 | D:2      | Reached skill level 1 in Long Blades
  1378 | D:2      | Reached skill level 1 in Axes
  1378 | D:2      | Reached skill level 1 in Maces & Flails
  1378 | D:2      | Reached skill level 1 in Polearms
  1378 | D:2      | Reached skill level 1 in Staves
  1378 | D:2      | Reached skill level 1 in Slings
  1378 | D:2      | Reached skill level 1 in Bows
  1378 | D:2      | Reached skill level 1 in Crossbows
  1378 | D:2      | Reached skill level 1 in Throwing
  1378 | D:2      | Reached skill level 1 in Armour
  1378 | D:2      | Reached skill level 1 in Shields
  1378 | D:2      | Reached skill level 1 in Unarmed Combat
  1378 | D:2      | Reached skill level 1 in Evocations
  1378 | D:2      | Reached XP level 4. HP: 32/32 MP: 7/11
  1784 | D:2      | Reached skill level 1 in Hexes
  1784 | D:2      | Reached skill level 1 in Charms
  1784 | D:2      | Reached skill level 1 in Summonings
  1784 | D:2      | Reached skill level 1 in Necromancy
  1784 | D:2      | Reached skill level 1 in Translocations
  1784 | D:2      | Reached skill level 1 in Transmutations
  1784 | D:2      | Reached skill level 1 in Fire Magic
  1784 | D:2      | Reached skill level 1 in Air Magic
  1784 | D:2      | Reached skill level 1 in Earth Magic
  1784 | D:2      | Reached skill level 1 in Poison Magic
  1936 | D:2      | Learned a level 4 spell: Throw Icicle
  1941 | D:2      | Learned a level 4 spell: Summon Ice Beast
  2032 | D:2      | Found a runed door.
  2106 | D:2      | Noticed Crazy Yiuf
  2109 | D:2      | Killed Crazy Yiuf
  2109 | D:2      | Reached XP level 5. HP: 37/37 MP: 6/12
  2709 | D:3      | Noticed sokol815's ghost (weakling VSMo)
  2832 | D:3      | Killed sokol815's ghost
  3335 | D:3      | Reached XP level 6. HP: 44/44 MP: 13/13
  3726 | D:4      | Noticed Eustachio
  3735 | D:4      | Killed Eustachio
  3735 | D:4      | Reached skill level 5 in Dodging
  3796 | D:4      | Noticed felt's ghost (amateur DrFE)
  3964 | D:4      | Killed felt's ghost
  3964 | D:4      | Reached XP level 7. HP: 42/50 MP: 0/15
  4710 | D:5      | Entered Level 5 of the Dungeon
  5082 | D:5      | Reached skill level 5 in Stealth
  5354 | D:5      | Reached XP level 8. HP: 36/57 MP: 12/16
  5501 | D:6      | Found an iron altar of Okawaru.
  6069 | D:6      | Found a staircase to the Ecumenical Temple.
  6074 | Temple   | Entered the Ecumenical Temple
  6111 | Temple   | Became a worshipper of Cheibriados the Contemplative
  6200 | D:6      | HP: 1/58 [wight/falchion (2)]
  6200 | D:6      | Slain by a wight

Vault maps used:
D:1:      matt_arrival_spirals, item_on_display_b
D:2:      grunt_qazlal_clouds, first_bread, uniq_crazy_yiuf_cottage
D:4:      uniq_eustachio
D:5:      minivault_23
D:6:      minmay_temple_entry_nine_rooms, kennysheep_okawaru_gauntlet
Temple:   regret_index_temple_sigil_plot

Skill      XL: |  1  2  3  4  5  6  7  8 |
---------------+-------------------------+-----
Conjurations   | 2 3 |  3.4
Spellcasting   | 5 6 |  6.0
Invocations    | 1 2 3 |  3.5
Fighting       | 1 2 3 |  3.2
Short Blades   | 1 2 3 |  3.2
Long Blades    | 1 2 3 |  3.2
Axes           | 1 2 3 |  3.2
Maces & Flails | 1 2 3 |  3.2
Polearms       | 1 2 3 |  3.2
Staves         | 1 2 3 |  3.2
Slings         | 1 2 3 |  3.2
Bows           | 1 2 3 |  3.2
Crossbows      | 1 2 3 |  3.2
Throwing       | 1 2 3 |  3.2
Armour         | 1 2 3 |  3.2
Shields        | 1 2 3 |  3.2
Unarmed Combat | 1 2 3 |  3.2
Evocations     | 1 2 3 |  3.2
Hexes          | 1 2 |  2.6
Charms         | 1 2 |  2.6
Summonings     | 1 2 |  2.6
Necromancy     | 1 2 |  2.6
Translocations | 1 2 |  2.6
Transmutations | 1 2 |  2.6
Fire Magic     | 1 2 |  2.6
Air Magic      | 1 2 |  2.6
Earth Magic    | 1 2 |  2.6
Poison Magic   | 1 2 |  2.6
Dodging        | 5 |  5.6
Stealth        | 5 |  5.3
Ice Magic      | 6 |  6.1

Action                   |  1- 3 |  4- 6 |  7- 9 || total
-------------------------+-------+-------+-------++-------
Melee: Dagger            |    12 |       |       ||    12
       Short sword       |     2 |    57 |    93 ||   152
       Bite              |       |     8 |    12 ||    20
       Quarterstaff      |       |       |    37 ||    37
       Hand axe          |       |       |    12 ||    12
 Cast: Freeze            |    38 |    65 |    38 ||   141
       Throw Frost       |     3 |    25 |    13 ||    41
       Throw Icicle      |       |       |     3 ||     3
  Use: Scroll            |     4 |     2 |     6 ||    12
       Potion            |       |     1 |     1 ||     2
 Stab: Sleeping          |     1 |     2 |     2 ||     5
       Distracted        |       |       |     1 ||     1
  Eat: Chunk             |     1 |     8 |     7 ||    16
Armor: Robe              |     7 |    21 |    28 ||    56
       Ring mail         |       |       |    14 ||    14
Dodge: Dodged            |    19 |    63 |   131 ||   213
Block: Buckler           |     6 |    18 |    28 ||    52

Table legend:
 A = Spawn XP
 B = Non-spawn XP
 C = Spawn XP percentage of total XP
 D = Spawn monster count
 E = Non-spawn monster count
 F = Spawn count percentage of total count
 G = Total turns spent on level
                    A         B        C        D         E        F      G
               +---------+---------+-------+---------+---------+-------+---------
         Total |       0 |    1667 |   0.0 |       0 |     106 |   0.0 |  6200
               +---------+---------+-------+---------+---------+-------+---------
           D:1 |       0 |      30 |   0.0 |       0 |      17 |   0.0 |   921
           D:2 |       0 |     173 |   0.0 |       0 |      33 |   0.0 |  1519
           D:3 |       0 |     122 |   0.0 |       0 |      17 |   0.0 |  1432
           D:4 |       0 |     535 |   0.0 |       0 |      13 |   0.0 |   838
           D:5 |       0 |     440 |   0.0 |       0 |      15 |   0.0 |   781
           D:6 |       0 |     367 |   0.0 |       0 |      11 |   0.0 |   637
               +---------+---------+-------+---------+---------+-------+---------
